 Dungeon Crawl Stone Soup version 0.19.1-1-g22dce08 (webtiles) character file.

193 w00t the Cudgeler (level 5, -2/70 HPs)
             Began as a Minotaur Chaos Knight on Jan 21, 2017.
             Slain by w00t's ghost (8 damage)
             ... on level 4 of the Dungeon.
             The game lasted 00:03:08 (3087 turns).

w00t the Cudgeler (Minotaur Chaos Knight)           Turns: 3087, Time: 00:03:09

Health: -2/70      AC: 22    Str: 16    XL:     5   Next: 44%
Magic:  4/4        EV:  2    Int: 12    God:    Xom [......]
Gold:   127        SH:  8    Dex: 17    Spells: 0 memorised, 4 levels left

rFire  . . .     SeeInvis .     a - +0 mace (chaos)
rCold  . . .     Gourm    .     (armour currently unavailable)
rNeg   + + +     Faith    .     A - +0 shield
rPois  +         Spirit   .     (helmet currently unavailable)
rElec  .         Reflect  .     (cloak currently unavailable)
rCorr  .         Harm     .     (gloves currently unavailable)
MR     .....     NoTele   +     (boots currently unavailable)
Stlth  ++........               (no amulet)
                                h - +6 ring of dexterity
                                k - +3 ring of intelligence

@: lethally poisoned (-2 -> -4), tree-form
A: (retaliatory headbutt), (horns 0), (shaggy fur 0)
a: Renounce Religion


You were on level 4 of the Dungeon.
You worshipped Xom.
You were a very special plaything of Xom.
You were not hungry.
You were a tree.
You visited 1 branch of the dungeon, and saw 4 of its levels.

You collected 127 gold pieces.

Inventory:

Hand Weapons
 a - a +0 mace of chaos (weapon)
Missiles
 d - 56 stones (quivered)
Armour
 l - a +0 plate armour (melded)
 y - a +0 pair of gloves (melded)
 A - a +0 shield (worn)
Jewellery
 e - an uncursed ring of protection from cold {rC+, !d}
 h - a +6 ring of dexterity (right branch)
 k - a +3 ring of intelligence (left branch)
 w - an uncursed ring of flight {+Fly, !d}
Scrolls
 n - a scroll of enchant weapon {unknown}
 o - a scroll of blinking {unknown}
 s - a scroll of enchant armour {unknown}
 u - a scroll of amnesia {unknown}
 v - 2 scrolls of fear {unknown}
 z - 2 scrolls of teleportation {unknown}
Potions
 b - a potion of curing {unknown}
 f - a potion of beneficial mutation {unknown}
 g - a potion of brilliance {unknown}
 m - a potion of invisibility {unknown}
 q - a potion of magic {unknown}
 r - a potion of lignification {!q}
 t - a potion of degeneration {unknown}
 x - a potion of haste {unknown}
 B - a potion of berserk rage {unknown}
Books
 p - a book of Misfortune

   Spells                             Type                      Level
   a - Confusing Touch                Hexes                        1
   b - Confuse                        Hexes                        3
   c - Gell's Gravitas                Hexes/Translocation          3
   d - Petrify                        Transmutation/Earth          4
   e - Metabolic Englaciation         Hexes/Ice                    5
   f - Yara's Violent Unravelling     Hexes/Transmutation          5
Comestibles
 c - a bread ration
 j - a slice of pizza


   Skills:
 * Level 4.4 Fighting
 * Level 4.7 Maces & Flails
 + Level 1.4 Throwing
 * Level 3.8 Armour
 * Level 2.9 Dodging
 * Level 1.0 Shields


You had 4 spell levels left.
You didn't know any spells.

Dungeon Overview and Level Annotations

Branches:
Dungeon (4/15)
 Temple: D:4-7

Altars:
Makhleb
Xom
Zin

Annotations:
D:4 w00t's ghost, amateur GrFi


Innate Abilities, Weirdness & Mutations

((You reflexively headbutt those who attack you in melee.))
((You have a pair of horns on your head.))
((You are covered in fur. (AC +1)))


Message History

You feel sick.
You feel sick.
You hear Xom's avuncular chuckle.
W00t's ghost suddenly seems more resistant.
You block the water moccasin's attack.
Okay, then.
You feel sick.
Found 11 gold pieces.
You feel sick. The water moccasin bites you.
* * * LOW HITPOINT WARNING * * *
It was a potion of lignification.
You turn into a tree.
Your +0 pair of gloves melds into your body.
Your +0 plate armour melds into your body.
Your roots penetrate the ground.
Xom thinks this is hilarious!
You feel sick.
The water moccasin bites you but does no damage.
W00t's ghost hits you!
You die...
Xom thinks this is hilarious!

......(.....#
............#
#..........#
##..........#
#.......(...####.#
#........(.......
#......%.(...#
#..W......(..#
#.♣S#######..#
#.$.# #..####
##### #.....#
#..######
##....... #.######
#....# #.####
#.#### #


You could see a water moccasin and w00t's ghost.

Vanquished Creatures
  A scorpion (D:4)
  Natasha (D:2)
  5 adders
  3 worms
  5 leopard geckos
  5 orcs (D:3)
  9 bats
  3 giant cockroaches (D:1)
  5 goblins
  7 hobgoblins
  4 jackals (D:2)
  A quokka (D:3)
  2 ball pythons
  5 frilled lizards
  8 kobolds
  5 rats
69 creatures vanquished.

Notes
Turn   | Place    | Note
-------+----------+-------------------------------------------
     0 | D:1      | w00t the Minotaur Chaos Knight began the quest for the Orb.
     0 | D:1      | Reached XP level 1. HP: 19/19 MP: 0/0
   147 | D:1      | Reached XP level 2. HP: 27/27 MP: 1/1
   315 | D:1      | XOM: cast spell 'Hydra Form'
   418 | D:1      | XOM: harmless Fire miscast
   456 | D:1      | XOM: god gift: scroll labeled SITYPAURUL {god gift}
   814 | D:1      | XOM: harmless Summ miscast
   964 | D:1      | XOM: scenery: 2 doors close
   994 | D:1      | XOM: scenery: create altars
  1087 | D:2      | Reached XP level 3. HP: 33/33 MP: 2/2
  1208 | D:2      | XOM: god gift: book of Misfortune
  1276 | D:2      | XOM: cloud trail
  1357 | D:2      | XOM: give mutation
  1357 | D:2      | Gained mutation: You are covered in fur. (AC +1) [Xom's mischief]
  1370 | D:2      | XOM: mild Erth miscast
  1418 | D:2      | Noticed Natasha
  1425 | D:2      | Killed Natasha
  1691 | D:2      | Reached XP level 4. HP: 40/40 MP: 3/3
  2024 | D:3      | Found a glowing silver altar of Zin.
  2024 | D:3      | Found a burning altar of Makhleb.
  2224 | D:3      | XOM: harmless Fire miscast
  2570 | D:3      | Reached skill level 1 in Throwing
  2797 | D:3      | XOM: noise
  2843 | D:3      | Reached XP level 5. HP: 46/46 MP: 4/4
  2888 | D:3      | Noticed a blizzard demon
  2888 | D:3      | Noticed an angel
  2981 | D:4      | Reached skill level 1 in Shields
  3067 | D:4      | Noticed w00t's ghost (amateur GrFi)
  3070 | D:4      | XOM: swap monsters
  3078 | D:4      | XOM: enchant monster (bad)
  3079 | D:4      | Noticed a water moccasin
  3079 | D:4      | a scorpion changed into a water moccasin
  3079 | D:4      | XOM: polymorph scorpion -> water moccasin
  3082 | D:4      | XOM: enchant monster (bad)
  3087 | D:4      | Slain by w00t's ghost

Skill      XL: |  1  2  3  4  5 |
---------------+----------------+-----
Maces & Flails | 4 |  4.7
Armour         | 3 |  3.8
Fighting       | 4 |  4.4
Dodging        | 2 |  2.9
Throwing       | 1 |  1.4
Shields        | 1 |  1.0

Action                   |  1- 3 |  4- 6 || total
-------------------------+-------+-------++-------
Melee: Mace              |    83 |    74 ||   157
       Headbutt          |    17 |    20 ||    37
Throw: Stone             |    86 |    50 ||   136
  Use: Scroll            |       |     1 ||     1
       Potion            |       |     1 ||     1
 Stab: Petrifying        |       |     1 ||     1
  Eat: Chunk             |     2 |     5 ||     7
Armor: Leather armour    |     5 |       ||     5
       Plate armour      |    78 |    44 ||   122
       Skin              |       |     1 ||     1
Dodge: Dodged            |    36 |     7 ||    43
Block: Shield            |       |    19 ||    19
